[Event "WYCC 2018 G14"]
[Site "Halkidiki"]
[Date "2018.10.29"]
[Round "10"]
[White "Allahverdiyeva, Ayan"]
[Black "Ehsani, Yassamin"]
[Result "1-0"]
[ECO "B43"]
[WhiteElo "2116"]
[BlackElo "1875"]
[Annotator "NA"]
[PlyCount "60"]
[EventDate "2018.10.20"]
[EventType "swiss"]
[EventCountry "GRE"]
[SourceTitle "playchess.com"]
[Source "ChessBase"]
[SourceQuality "1"]
[TimeControl "40/5400+30:1800+30"]

1. e4 c5 2. Nf3 e6 3. d4 cxd4 4. Nxd4 a6 5. Nc3 Qc7 6. g3 Bb4 7. Bd2 Nc6 {[%emt 0:00:52] B43: Sicilian: Kan Variation: 5 Nc3} 8. Nb3 Be7 9. Bg2 d6 10. O-O Nf6 11. f4 O-O 12. Kh1 (12. Be3 b5 13. a3 Bb7 14. g4 Rfe8 15. g5 Nd7 16. Qh5 g6 17. Qh4 b4 18. Ne2 bxa3 19. bxa3 Na5 20. Nxa5 Qxa5 21. Rf3 Rac8 {0-1 (55) Guseinov,G (2634)-Gajewski,G (2654) Berlin 2015}) 12... Rd8 $146 ({Predecessor:} 12... b5 13. a3 Bb7 14. Qe2 Nd7 15. Be3 Bf6 16. Bd2 {0-1 (59) Feyzullayeva,S (1494)-Kovacs,J (1859) Batumi 2014}) 13. g4 b5 14. g5 Nd7 15. Qh5 g6 16. Qh6 Bf8 17. Qh4 Bg7 18. a3 Bb7 19. Rae1 Ne7 $11 20. Re2 Nf8 21. Na5 Bc8 22. Qe1 d5 23. f5 d4 24. f6 dxc3 25. Bxc3 Nd7 26. fxe7 Re8 27. e5 Rb8 28. Qf2 Rxe7 29. Nc6 Nb6 30. Ba5 Kf8 1-0

[Event "WYCC 2018 G14"]
[Site "Halkidiki"]
[Date "2018.10.29"]
[Round "10"]
[White "Garifullina, Leya"]
[Black "Zhu, Evelyn"]
[Result "1/2-1/2"]
[ECO "B42"]
[WhiteElo "2106"]
[BlackElo "1926"]
[Annotator "NA"]
[PlyCount "85"]
[EventDate "2018.10.20"]
[EventType "swiss"]
[EventCountry "GRE"]
[SourceTitle "playchess.com"]
[Source "ChessBase"]
[SourceQuality "1"]
[TimeControl "40/5400+30:1800+30"]

1. e4 c5 2. Nf3 e6 3. d4 cxd4 4. Nxd4 a6 {[%emt 0:00:00] LiveBook: 25605 Games} 5. Bd3 Bc5 6. Nb3 Be7 7. Qg4 g6 8. Qe2 d6 {[%emt 0:00:22] B42: Sicilian: Kan Variation: 5 Bd3} 9. O-O (9. a4 Nc6 10. O-O Ne5 11. Kh1 Nf6 12. Nc3 Bd7 13. f4 Nxd3 14. cxd3 O-O 15. Be3 b5 16. a5 {1-0 (48) Aronian,L (2764)-Caruana,F (2816) Paris 2018}) 9... Nd7 10. a4 b6 11. Na3 Bb7 12. Nc4 Qc7 13. a5 b5 14. Nb6 Nxb6 15. axb6 Qxb6 16. Na5 Bc8 $146 17. c4 b4 18. Be3 Qc7 19. e5 Bd7 20. Bd4 f6 21. exf6 Nxf6 22. Bxf6 Bxf6 23. Qf3 O-O 24. Qe2 $17 Bd4 25. Kh1 Bb6 26. Nb3 a5 27. Nd2 Rae8 28. Ne4 Bc6 29. Ng5 Qe7 30. f4 e5 31. c5 Bxc5 32. Bc4+ d5 33. Bb5 Bxb5 34. Qxb5 Rxf4 35. Rxf4 exf4 36. Nf3 Qe3 37. Qc6 Rd8 38. Re1 Qf2 39. Qe6+ Kg7 40. Qe5+ Kg8 41. Qe6+ Kg7 42. Qe5+ Kg8 43. Qe6+ 1/2-1/2

[Event "WYCC 2018 G14"]
[Site "Halkidiki"]
[Date "2018.10.29"]
[Round "10"]
[White "Wen, Yili"]
[Black "Stepanyan, Eva"]
[Result "0-1"]
[ECO "A09"]
[WhiteElo "2083"]
[BlackElo "1981"]
[Annotator "NA RC"]
[PlyCount "136"]
[EventDate "2018.10.20"]
[EventType "swiss"]
[EventCountry "GRE"]
[SourceTitle "playchess.com"]
[Source "ChessBase"]
[SourceQuality "1"]
[TimeControl "40/5400+30:1800+30"]

1. Nf3 d5 2. c4 d4 3. e3 Nc6 4. d3 e5 5. a3 {LiveBook: 12 Games} a5 6. Be2 Nf6 7. O-O $15 Be7 8. Re1 O-O 9. b3 h6 10. Nbd2 Bf5 11. exd4 exd4 12. Nf1 Qd7 13. Ng3 Bh7 14. Rb1 Rfe8 15. Qd2 Bf8 16. Bb2 Rad8 17. Bf1 Bc5 18. Qf4 Rxe1 19. Rxe1 Qd6 20. Qc1 Rd7 21. Qa1 Kf8 22. h3 b6 23. Rd1 Rd8 24. Ne2 Nh5 25. b4 axb4 26. axb4 Nxb4 27. Nexd4 Bxd4 28. Nxd4 c5 29. Nb5 Qg6 30. d4 Nf4 31. Kh2 Nc2 32. Qa7 cxd4 33. Nxd4 Re8 34. Nxc2 Qxc2 35. Ba3+ Kg8 36. Qd7 Qe4 37. Rd4 Qe6 38. Qb5 Ra8 39. Bb4 Ne2 40. Rd6 Qe4 41. Qxb6 Bg6 42. Bxe2 Qe5+ 43. Kg1 Qxe2 44. Qd4 Qc2 45. Bc3 f6 46. c5 Ra4 47. Qd5+ Kh7 48. Bd2 Be4 49. Qh5 Qb1+ 50. Kh2 Ra1 51. f3 Qh1+ 52. Kg3 Rg1 53. fxe4 Rxg2+ 54. Kf4 Qf1+ 55. Qf3 Rf2 56. Rd3 g5+ 57. Kg4 h5+ 58. Kxh5 Rxf3 59. Rd7+ Kg8 60. Kg6 Kf8 61. c6 Qc4 62. Bb4+ Qxb4 63. Rd8+ Ke7 64. c7 Qxe4+ 65. Kg7 Rc3 66. c8=Q Rxc8 67. Rxc8 Qe6 68. Rc3 f5 0-1

[Event "WYCC 2018 G14"]
[Site "Halkidiki"]
[Date "2018.10.29"]
[Round "10"]
[White "Jyothsna L"]
[Black "Krasteva, Beloslava"]
[Result "1/2-1/2"]
[ECO "D30"]
[WhiteElo "2060"]
[BlackElo "2089"]
[Annotator "NA"]
[PlyCount "124"]
[EventDate "2018.10.20"]
[EventType "swiss"]
[EventCountry "GRE"]
[SourceTitle "playchess.com"]
[Source "ChessBase"]
[SourceQuality "1"]
[TimeControl "40/5400+30:1800+30"]

1. d4 d5 2. c4 e6 3. cxd5 exd5 4. Nc3 c6 5. Qc2 Be7 6. Bf4 g6 7. e3 Bf5 8. Bd3 Bxd3 9. Qxd3 Nf6 10. Nge2 O-O 11. h3 Nbd7 12. O-O Re8 $11 13. Rfc1 Rc8 14. Rc2 Nf8 15. Rac1 Ne6 16. Be5 Ra8 17. Bxf6 Bxf6 18. b4 a6 19. Na4 Qe7 20. Rb1 Nc7 21. Qb3 Nb5 22. Nb6 Rad8 23. a4 Nd6 24. Qd3 Bg7 25. Nc3 Rb8 26. b5 axb5 27. axb5 Qd8 28. bxc6 bxc6 29. Rcb2 f5 30. g3 Ne4 31. Nxe4 fxe4 32. Qc2 Qd6 33. Na4 Rxb2 34. Qxb2 Bh6 35. Kg2 Rf8 36. Nc5 Qf6 37. Qe2 Rf7 38. Rb8+ Bf8 39. Re8 Re7 40. Rxe7 Bxe7 41. Nd7 Qe6 42. Qg4 Qxg4 43. hxg4 Kg7 44. f3 exf3+ 45. Kxf3 Bd6 46. g5 Kf7 47. g4 Ke6 48. Nb6 Be7 49. Kf4 c5 50. dxc5 Bxc5 51. Na4 Bb4 52. Nb2 Bd2 53. Kf3 d4 54. exd4 Kd5 55. Nd3 Kxd4 56. Nf2 Bxg5 57. Ne4 Bd8 58. Nf2 Ke5 59. Ne4 h6 60. Nf2 Bb6 61. Nd3+ Kf6 62. Nf4 Bc5 1/2-1/2

[Event "WYCC 2018 G14"]
[Site "Halkidiki"]
[Date "2018.10.29"]
[Round "10"]
[White "Dylag, Emilia"]
[Black "Zeng, Sheena"]
[Result "1-0"]
[ECO "C00"]
[WhiteElo "2059"]
[BlackElo "1807"]
[Annotator "NA"]
[PlyCount "99"]
[EventDate "2018.10.20"]
[EventType "swiss"]
[EventCountry "GRE"]
[SourceTitle "playchess.com"]
[Source "ChessBase"]
[SourceQuality "1"]
[TimeControl "40/5400+30:1800+30"]

1. e4 e6 2. d3 d5 3. Nd2 Nf6 4. Ngf3 c5 5. g3 Nc6 6. Bg2 Be7 7. O-O O-O 8. e5 Nd7 9. Re1 b5 10. Nf1 b4 11. h4 a5 12. Bf4 a4 13. h5 {[%emt 0:05:22] C00: French: Unusual White 2nd moves} (13. a3 bxa3 14. bxa3 Re8 15. Ne3 Bb7 16. h5 Bf8 17. Rb1 Rb8 18. c4 dxc4 19. dxc4 Qc7 20. Qxa4 Nd4 21. Nd2 Bxg2 22. Nxg2 {½-½ (38) Giri,A (2785)-So,W (2815) chess.com INT 2017}) 13... a3 14. b3 Na7 15. N1h2 Nb5 16. h6 $146 g6 17. Ng4 Ba6 18. Qd2 Nc3 19. Bg5 $11 Rc8 20. Bh3 (20. Qf4 c4 21. Bxe7 Qxe7 22. dxc4 dxc4 {1-0 (60) Kopp,P (2078)-Huschens,M (1929) Hofheim 2016}) 20... c4 21. Bxe7 Qxe7 22. dxc4 Rfd8 23. cxd5 Nxd5 24. Rad1 N7b6 25. Qg5 Qf8 26. Nd4 Ne7 27. Nf6+ Kh8 28. Ne4 Ned5 29. Nd6 Ra8 30. Bxe6 Rxd6 31. exd6 fxe6 32. d7 Qf6 33. Qxf6+ Nxf6 34. Nxe6 Nfxd7 35. Nc7 Rc8 36. Nxa6 Kg8 37. Nxb4 Kf7 38. Re3 Nf6 39. c4 Ng4 40. Rf3+ Kg8 41. Nd5 Nxd5 42. Rxd5 Nxh6 43. Rfd3 Nf7 44. c5 Kf8 45. b4 Ke7 46. b5 Ke6 47. b6 Rb8 48. R5d4 Rc8 49. b7 Rb8 50. c6 {[%emt 0:00:11] Kd5} 1-0

[Event "WYCC 2018 G14"]
[Site "Halkidiki"]
[Date "2018.10.29"]
[Round "10"]
[White "Mehmed, Elif"]
[Black "Kumar, Arya"]
[Result "1-0"]
[ECO "B11"]
[WhiteElo "2049"]
[BlackElo "1619"]
[Annotator "NA"]
[PlyCount "119"]
[EventDate "2018.10.20"]
[EventType "swiss"]
[EventCountry "GRE"]
[SourceTitle "playchess.com"]
[Source "ChessBase"]
[SourceQuality "1"]
[TimeControl "40/5400+30:1800+30"]

1. e4 c6 2. Nc3 d5 3. Nf3 Bg4 4. h3 Bxf3 5. Qxf3 e6 6. d3 {[%emt 0:00:13] LiveBook: 549 Games} Bd6 7. Qg4 {[%emt 0:10:14] B11: Caro-Kann: Two Knights Variation} (7. g3 Ne7 8. Bg2 Qb6 9. O-O Nd7 10. Qe2 Bxg3 11. Be3 d4 12. fxg3 dxe3 13. Nd1 O-O 14. c3 f5 15. Nxe3 fxe4 16. Bxe4 {1-0 (53) Ivanchuk,V (2731)-Mamedyarov,S (2757) Beijing 2013}) 7... Nf6 $146 ({Predecessor:} 7... Be5 8. Bd2 h5 9. Qe2 Bxc3 10. Bxc3 d4 11. Bd2 Nf6 12. g3 c5 13. Bg2 Nc6 14. a3 e5 {0-1 (53) Heimrath,R (2144)-Albert,J (2058) Nuremberg 2005}) 8. Qxg7 Rg8 9. Qh6 Rg6 10. Qh4 d4 11. Ne2 Bb4+ 12. Kd1 Be7 13. Qf4 c5 14. Qf3 Nc6 15. Nf4 Rg8 16. Nh5 Ne5 17. Nxf6+ Bxf6 18. Qh5 Rc8 19. f4 Ng6 $18 20. e5 Be7 21. Qf3 Qc7 22. g3 b5 23. Bg2 Kd7 24. Qb7 Qxb7 25. Bxb7 Rc7 26. Be4 Bf8 27. Ke2 c4 28. dxc4 Rxc4 29. Rd1 Ne7 30. Kf3 Nd5 31. Bxh7 Rh8 32. Bd3 Rc5 33. h4 Nb4 34. a3 Nxd3 35. Rxd3 Rxc2 36. Rxd4+ Kc7 37. Rd2 Rc4 38. Re2 Bc5 39. Bd2 Rd8 40. b3 Rd3+ 41. Kg2 Rxb3 42. Ba5+ Kc6 43. h5 Rd3 44. h6 Bb6 45. Bb4 Bc5 46. Rd2 Rxd2+ 47. Bxd2 Rc2 48. Rd1 Bf8 49. h7 Bg7 50. Rc1 Rxc1 51. Bxc1 Kd7 52. Kf3 Ke8 53. Ke4 Kf8 54. f5 exf5+ 55. Kxf5 Bh8 56. Bh6+ Ke7 57. Bg5+ Kf8 58. Bf6 Bg7 59. e6 fxe6+ 60. Kg6 1-0

[Event "WYCC 2018 G14"]
[Site "Halkidiki"]
[Date "2018.10.29"]
[Round "10"]
[White "Dhyana Patel"]
[Black "Zhou, Iris"]
[Result "1-0"]
[ECO "B62"]
[WhiteElo "2002"]
[BlackElo "1779"]
[Annotator "NA"]
[PlyCount "121"]
[EventDate "2018.10.20"]
[EventType "swiss"]
[EventCountry "GRE"]
[SourceTitle "playchess.com"]
[Source "ChessBase"]
[SourceQuality "1"]
[TimeControl "40/5400+30:1800+30"]

1. e4 c5 2. Nf3 d6 3. d4 Nf6 4. Nc3 cxd4 5. Nxd4 Nc6 6. Bg5 e6 7. Bb5 Bd7 8. Bxc6 bxc6 9. O-O {[%emt 0:00:52] B62: Sicilian: Richter-Rauzer: 6...e6: Unusual White 7th moves} (9. Qf3 c5 10. Nb3 Be7 11. O-O-O Rc8 12. e5 dxe5 13. Bxf6 gxf6 14. Ne4 f5 15. Nd6+ Bxd6 16. Rxd6 Qg5+ 17. Kb1 Qf4 18. Qb7 {1-0 (27) Sychev,K (2534)-Murzin,V (2340) Sochi 2018}) 9... Be7 10. Nf3 Qc7 11. Re1 h6 $146 ({Predecessor:} 11... e5 12. Qd2 Be6 13. b4 O-O 14. a4 h6 15. Bh4 Rab8 16. Rab1 Rb7 {0-1 (27) Velasques,W (2008)-Martins,E (2261) ICCF email 2007}) 12. Bf4 e5 13. Bg3 O-O 14. Na4 Be6 15. b3 Nd7 16. c4 Qa5 17. Rc1 Nc5 18. Nc3 f5 19. exf5 Bxf5 20. Nxe5 dxe5 21. Rxe5 Rad8 $19 22. Qh5 Bg6 23. Qxg6 Qxc3 24. Qb1 Qxc1+ 25. Qxc1 Nd3 26. Qc2 Nxe5 27. Bxe5 Bc5 28. Bg3 Rde8 29. h4 Re1+ 30. Kh2 Rf1 31. Qe2 Bxf2 32. Qe6+ Kh8 33. Be5 Bg1+ 34. Kh3 Kh7 35. Qxc6 Bf2 36. Qe4+ Kh8 37. g3 Re1 38. Qd5 Re3 39. Qd6 Kg8 40. h5 Rff3 41. Qe6+ Rf7 42. Qd5 Ref3 43. Bf4 Rc3 44. Qd2 Rf3 45. Kg2 R3xf4 46. gxf4 Bb6 47. Qd5 Bc7 48. f5 Kf8 49. Qa8+ Ke7 50. Qxa7 Kd6 51. Qd4+ Ke7 52. Qd5 Rf6 53. c5 Ra6 54. b4 Ra3 55. Qe6+ Kd8 56. Qg8+ Kd7 57. Qxg7+ Kc8 58. Qg8+ Kb7 59. f6 Rd3 60. f7 Rd2+ 61. Kf3 1-0

[Event "WYCC 2018 G14"]
[Site "Halkidiki"]
[Date "2018.10.29"]
[Round "10"]
[White "Mrudul Dehankar"]
[Black "Kuhar, Larisa"]
[Result "1-0"]
[ECO "B53"]
[WhiteElo "1996"]
[BlackElo "1916"]
[Annotator "NA"]
[PlyCount "57"]
[EventDate "2018.10.20"]
[EventType "swiss"]
[EventCountry "GRE"]
[SourceTitle "playchess.com"]
[Source "ChessBase"]
[SourceQuality "1"]
[TimeControl "40/5400+30:1800+30"]

1. e4 c5 2. Nf3 d6 3. d4 cxd4 4. Qxd4 Nc6 5. Bb5 Bd7 6. Bxc6 Bxc6 7. Nc3 Nf6 8. Bg5 e6 9. O-O-O Be7 $1 {[%emt 0:01:52] LiveBook: 1383 Games} 10. Qd3 Qa5 11. h4 O-O 12. Nd4 Rac8 13. f4 Rfd8 {[%emt 0:08:54] B53: Sicilian: 2...d6: Lines with Qxd4} (13... Rfe8 14. f5 Bd7 15. Nb3 Qc7 16. e5 Nd5 17. fxe6 fxe6 18. Nxd5 exd5 19. Qxd5+ Kh8 20. c3 Bc6 21. exd6 Bxd5 22. dxc7 Bxb3 23. axb3 Bxg5+ 24. hxg5 Rxc7 {1-0 (43) Ma,Q (2606)-Wang,P (2457) Auckland 2016}) 14. Kb1 a6 15. a3 $146 ({Predecessor:} 15. f5 Bd7 16. g4 b5 17. Nce2 Re8 18. Nf4 Bd8 19. Nh5 Nxh5 20. gxh5 exf5 21. exf5 {1-0 (40) Tseitlin,M (2419)-Ivanovic,B (2409) Thessaloniki 2011}) 15... b5 16. e5 dxe5 17. fxe5 $18 Qc7 18. exf6 Bc5 19. Nce2 e5 20. Qg3 Bxd4 21. Nxd4 Be4 22. Bf4 g6 23. Bxe5 Bxc2+ 24. Ka1 Qd7 25. Nxc2 Qxd1+ 26. Rxd1 Rxd1+ 27. Ka2 Rxc2 28. Qf4 Kf8 29. Bd6+ 1-0

[Event "WYCC 2018 G14"]
[Site "Halkidiki"]
[Date "2018.10.29"]
[Round "10"]
[White "Sim, Jia Ru"]
[Black "De Rycke, Tyani"]
[Result "1-0"]
[ECO "B40"]
[WhiteElo "1979"]
[BlackElo "1758"]
[Annotator "NA"]
[PlyCount "101"]
[EventDate "2018.10.20"]
[EventType "swiss"]
[EventCountry "GRE"]
[SourceTitle "playchess.com"]
[Source "ChessBase"]
[SourceQuality "1"]
[TimeControl "40/5400+30:1800+30"]

1. e4 c5 2. Nf3 e6 3. c3 d5 4. exd5 Qxd5 5. d4 Nf6 6. Be2 Nc6 7. O-O cxd4 8. cxd4 Be7 9. Nc3 Qd8 10. a3 O-O 11. Bf4 {[%emt 0:01:42] B22: Sizilianisch (Alapin 2.c3)} Nd5 12. Bg3 Bd6 $146 ({Vorgänger:} 12... a6 13. Qc2 Bf6 14. Rfd1 Nce7 15. Ne4 Nf5 16. Nxf6+ Nxf6 17. Be5 Nd5 18. Bd3 h6 {0-1 (61) Cave,C (2205)-Ahmad,A (2350) Elista 1998}) 13. Bc4 Bxg3 14. hxg3 Nce7 15. Qd3 h6 16. Rac1 b6 17. Ba2 Bb7 18. Bb1 Nf6 19. Ne5 g6 20. Rfd1 Qd6 21. Ba2 a6 22. g4 Nfd5 $16 (22... Kg7 $11 {keeps the balance.}) 23. Ne4 Qd8 24. Qd2 Kg7 25. g5 h5 26. Nf6 Nf5 27. Ned7 Rh8 28. Bxd5 Bxd5 29. Qf4 Rg8 30. Qe5 Kh8 31. Nxd5+ f6 32. N5xf6 Rg7 33. Rc7 b5 34. Rdc1 Ne7 35. Qxe6 Nf5 36. Qd5 a5 37. Qxa8 Qxa8 38. Rc8+ Rg8 39. Rxg8+ Qxg8 40. Nxg8 Kxg8 41. Nf6+ Kf7 42. d5 Nd4 43. Rc7+ Kf8 44. d6 Ne6 45. Rc8+ Kf7 46. d7 Ke7 47. Re8+ Kd6 48. Rxe6+ Kxe6 49. d8=Q Kf7 50. Qe8+ Kg7 51. Qg8# 1-0

[Event "WYCC 2018 G14"]
[Site "Halkidiki"]
[Date "2018.10.29"]
[Round "10"]
[White "Hrebenshchykova, Yelyzaveta"]
[Black "Caglar, Sila"]
[Result "1-0"]
[ECO "B43"]
[WhiteElo "1968"]
[BlackElo "2184"]
[Annotator "NA"]
[PlyCount "97"]
[EventDate "2018.10.20"]
[EventType "swiss"]
[EventCountry "GRE"]
[SourceTitle "playchess.com"]
[Source "ChessBase"]
[SourceQuality "1"]
[TimeControl "40/5400+30:1800+30"]

1. e4 c5 2. Nf3 e6 3. d4 cxd4 4. Nxd4 a6 5. Nc3 Qc7 {[%emt 0:00:00] LiveBook: 7503 Games} 6. Be2 b5 7. O-O Bb7 8. Bf3 Nc6 9. Nxc6 dxc6 10. a4 Nf6 {[%emt 0:01:46] B43: Sicilian: Kan Variation: 5 Nc3} (10... Bd6 11. axb5 cxb5 12. e5 Bxe5 13. Nxb5 axb5 14. Rxa8+ Bxa8 15. Bxa8 Nf6 16. h3 O-O 17. Bf3 b4 18. Bd2 Rd8 {½-½ (61) Nisipeanu,L (2668)-Ivanchuk,V (2787) Khanty-Mansiysk 2007}) 11. Qe2 e5 12. Be3 Be7 13. g3 $146 ({Predecessor:} 13. axb5 axb5 14. Rxa8+ Bxa8 15. Nb1 O-O 16. Nd2 Rb8 17. c4 Qa5 18. Rc1 {0-1 (30) Iglesias,J (2366)-Zapata,A (2549) Andorra 2002}) 13... O-O 14. Bg2 b4 15. Nb1 Bc8 16. f3 Be6 17. Nd2 Nd7 18. b3 Bc5 19. Bxc5 Nxc5 20. Nc4 $11 Bxc4 21. Qxc4 Qb6 22. Kh1 Ne6 23. f4 Qc5 24. Qxc5 Nxc5 25. Rad1 f6 26. Rd6 Rac8 27. Kg1 Rfd8 28. Rfd1 Rxd6 29. Rxd6 Kf8 30. Kf2 Ke7 31. Rd2 exf4 32. gxf4 g5 33. fxg5 fxg5 34. Ke3 a5 35. Bh3 Rg8 36. Bf5 h5 37. Rd4 g4 38. Rc4 Kd6 39. Kf4 Nb7 40. e5+ Kc7 41. Rd4 Rg7 42. e6 c5 43. Rd5 Re7 44. Ke5 Re8 45. Rd7+ Kb6 46. e7 c4 47. Kf6 Nc5 48. Rd8 cxb3 49. cxb3 1-0

[Event "WYCC 2018 G14"]
[Site "Halkidiki"]
[Date "2018.10.29"]
[Round "10"]
[White "Randrianarimanana, Alicia"]
[Black "Brunner, Sophia"]
[Result "1-0"]
[ECO "B01"]
[WhiteElo "1947"]
[BlackElo "1812"]
[Annotator "NA"]
[PlyCount "67"]
[EventDate "2018.10.20"]
[EventType "swiss"]
[EventCountry "GRE"]
[SourceTitle "playchess.com"]
[Source "ChessBase"]
[SourceQuality "1"]
[TimeControl "40/5400+30:1800+30"]

1. e4 d5 2. exd5 Nf6 3. Nf3 Nxd5 4. d4 Bf5 5. c4 Nb6 6. Nc3 e6 7. a3 N8d7 8. c5 Nc8 9. Bf4 c6 10. Qb3 b6 11. Ba6 Bxc5 12. Bb7 Bd6 13. Bxa8 Bxf4 14. Bxc6 O-O 15. Be4 Nd6 16. Bxf5 Nxf5 17. O-O Nf6 18. Ne2 Bh6 19. h3 Nd5 20. Kh1 Nd6 21. Rad1 Ne4 22. Nc3 Nexc3 23. bxc3 Qd6 24. c4 Nf4 25. Rfe1 f5 26. Qb4 Qc6 27. d5 Qb7 28. dxe6 Re8 29. Qb5 Qc8 30. Qxf5 Nxe6 31. Qd5 Bf4 32. Nd4 Kf7 33. Qf5+ Kg8 34. Nxe6 1-0

[Event "WYCC 2018 G14"]
[Site "Halkidiki"]
[Date "2018.10.29"]
[Round "10"]
[White "Baiburina, Kamilla"]
[Black "Vuong, Quynh Anh"]
[Result "0-1"]
[ECO "B11"]
[WhiteElo "1907"]
[BlackElo "1747"]
[Annotator "NA"]
[PlyCount "90"]
[EventDate "2018.10.20"]
[EventType "swiss"]
[EventCountry "GRE"]
[SourceTitle "playchess.com"]
[Source "ChessBase"]
[SourceQuality "1"]
[TimeControl "40/5400+30:1800+30"]

1. e4 c6 2. Nc3 d5 3. Nf3 Bg4 4. h3 Bxf3 5. Qxf3 e6 6. d3 Bb4 7. Bd2 {B11: Caro-Kann: Two Knights Variation} Ne7 8. Qg3 $146 ({Predecessor:} 8. a3 Ba5 9. g3 Nd7 10. Bg2 O-O 11. O-O d4 12. Nb1 Bxd2 13. Nxd2 b5 14. Qe2 Qc7 {1-0 (31) Can,E (2464)-Steingrimsson,H (2540) Beijing 2008}) 8... Ng6 9. Be2 d4 10. Nd1 Bxd2+ 11. Kxd2 e5 12. Ke1 Nd7 13. Kf1 O-O 14. Kg1 Qa5 15. c3 c5 16. h4 Nf4 17. Bf1 Nf6 18. Qf3 h5 19. g3 Ng6 20. Bh3 $15 Rad8 21. c4 Qd2 22. a3 a6 23. Bf1 Rb8 24. Qe2 Qxe2 25. Bxe2 b5 26. Rc1 Rfc8 27. Kg2 bxc4 28. Rxc4 Rb3 29. Rf1 Ne8 30. f4 Nd6 31. Ra4 c4 32. Rxa6 cxd3 33. Bxd3 Rxd3 34. Rxd6 exf4 35. gxf4 Nxh4+ 36. Kg1 Nf3+ 37. Kg2 Rc2+ 38. Rf2 Ne1+ 39. Kf1 Rxd1 40. Rxc2 Nxc2+ 41. Ke2 Rg1 42. Kd3 Ne1+ 43. Ke2 h4 44. Kf2 Nf3 45. Rd5 g6 0-1

[Event "WYCC 2018 G14"]
[Site "Halkidiki"]
[Date "2018.10.29"]
[Round "10"]
[White "Nguyen, Thien Ngan"]
[Black "Dimitrijevic, Andjela"]
[Result "1-0"]
[ECO "B59"]
[WhiteElo "1888"]
[BlackElo "1744"]
[Annotator "NA"]
[PlyCount "141"]
[EventDate "2018.10.20"]
[EventType "swiss"]
[EventCountry "GRE"]
[SourceTitle "playchess.com"]
[Source "ChessBase"]
[SourceQuality "1"]
[TimeControl "40/5400+30:1800+30"]

1. e4 c5 2. Nf3 d6 3. d4 cxd4 4. Nxd4 Nf6 5. Nc3 Nc6 6. Be2 e5 7. Nb3 Be7 8. Bg5 O-O 9. Bxf6 Bxf6 10. O-O Be6 11. Nd5 Bg5 12. c3 Ne7 13. c4 Nxd5 14. exd5 Bd7 15. a4 b6 16. Ra3 a5 17. Na1 f5 18. Nc2 Qe8 19. Qa1 g6 20. Rd1 Bh6 21. Rb1 Bd2 22. Rd3 Bh6 23. b3 Bg7 24. Qa3 Qe7 25. b4 Rfb8 26. Rdb3 axb4 27. Rxb4 Qd8 28. Qb3 Bf8 29. Na3 Ra5 30. Nb5 Be8 31. Nc3 Qc7 32. g3 Kh8 33. Rxb6 Rxb6 34. Qxb6 Qxb6 35. Rxb6 Bxa4 36. Nb5 Bxb5 37. cxb5 Ra8 38. Rc6 Rb8 39. b6 Ra8 40. b7 Ra1+ 41. Kg2 Rb1 42. Ba6 Kg8 43. Rc8 Kg7 44. b8=Q Rxb8 45. Rxb8 h6 46. Re8 Kf7 47. Re6 Be7 48. Kf3 e4+ 49. Ke2 Bf8 50. Kd2 Be7 51. Kc2 h5 52. Kb3 g5 53. Kc4 Ke8 54. Kb5 Kd7 55. Bc8+ Kd8 56. Kc6 h4 57. Rxe7 Kxe7 58. Bxf5 hxg3 59. hxg3 e3 60. fxe3 g4 61. Bxg4 Kd8 62. Kxd6 Ke8 63. Kc7 Ke7 64. d6+ Ke8 65. d7+ Ke7 66. d8=Q+ Kf7 67. Qd6 Kg7 68. Bf5 Kg8 69. Qg6+ Kf8 70. Be6 Ke7 71. Qf7# 1-0

[Event "WYCC 2018 G14"]
[Site "Halkidiki"]
[Date "2018.10.29"]
[Round "10"]
[White "Lomaia, Diana"]
[Black "Djordjevic, Nevena"]
[Result "1/2-1/2"]
[ECO "B44"]
[WhiteElo "1876"]
[BlackElo "1704"]
[Annotator "NA"]
[PlyCount "110"]
[EventDate "2018.10.20"]
[EventType "swiss"]
[EventCountry "GRE"]
[SourceTitle "playchess.com"]
[Source "ChessBase"]
[SourceQuality "1"]
[TimeControl "40/5400+30:1800+30"]

1. e4 c5 2. Nf3 e6 3. d4 cxd4 4. Nxd4 Nc6 5. Nb5 d6 6. c4 Nf6 7. N1c3 a6 8. Na3 Qa5 9. Bd3 Ne5 10. f4 Nxd3+ 11. Qxd3 d5 12. e5 Ne4 13. Nc2 Nxc3 14. bxc3 dxc4 15. Qxc4 Bd7 16. Bd2 Rc8 17. Qb3 Bc6 18. O-O Qd5 19. Qxd5 Bxd5 20. h3 Bc5+ 21. Kh2 Ke7 22. Rfc1 Rhd8 23. Nd4 Be4 24. Re1 Bxd4 25. cxd4 Rxd4 26. Be3 Ra4 27. Re2 Rc3 28. a3 Ke8 29. Bc1 b5 30. Bb2 Rcc4 31. Rc1 Bd5 32. Rxc4 Rxc4 33. g3 Kd7 34. Rd2 Kc6 35. Kg1 a5 36. Kf2 b4 37. axb4 Rxb4 38. Bc3 Rb3 39. Bxa5 Rf3+ 40. Kg1 Rxg3+ 41. Kh2 Rf3 42. Rc2+ Kb5 43. Bd2 Rf2+ 44. Kg3 Rg2+ 45. Kh4 h6 46. Rb2+ Kc4 47. Bc1 Rg1 48. Be3 Rf1 49. Rf2 Re1 50. Bd2 Rd1 51. Ba5 Kd3 52. Bb4 Ke4 53. Rg2 g6 54. Rf2 Rc1 55. Bf8 h5 1/2-1/2

[Event "WYCC 2018 G14"]
[Site "Halkidiki"]
[Date "2018.10.29"]
[Round "10"]
[White "Kasaeva, Sofiia"]
[Black "Alimova, Sevinch"]
[Result "1-0"]
[ECO "B32"]
[WhiteElo "1874"]
[BlackElo "1596"]
[Annotator "NA"]
[PlyCount "119"]
[EventDate "2018.10.20"]
[EventType "swiss"]
[EventCountry "GRE"]
[SourceTitle "playchess.com"]
[Source "ChessBase"]
[SourceQuality "1"]
[TimeControl "40/5400+30:1800+30"]

1. e4 c5 2. Nf3 Nc6 3. d4 cxd4 4. Nxd4 e5 5. Nb5 a6 6. Nd6+ Bxd6 7. Qxd6 Qf6 8. Qd2 Nge7 9. c4 Qg6 10. f3 O-O 11. Bd3 d6 12. O-O f5 13. exf5 Bxf5 14. Bxf5 Nxf5 15. Nc3 Nfd4 16. Qd1 Rf7 17. Bd2 Raf8 18. Kh1 Nf5 19. Qe1 Ncd4 20. Rc1 Ne6 21. Nd5 Nc5 22. Rb1 Nd4 23. Qh4 Nf5 24. Qe1 Nd3 25. Qe2 Nh4 26. Be3 Kh8 27. Nc3 Nf4 28. Bxf4 exf4 29. Nd5 Qh6 30. Kg1 Nf5 31. Qf2 Re8 32. Rfe1 Rff8 33. Rxe8 Rxe8 34. Re1 Qg6 35. Nxf4 Qf7 36. Rxe8+ Qxe8 37. Qe2 Qxe2 38. Nxe2 Kg8 39. Kf2 Kf7 40. g4 Ne7 41. Nc3 Ke6 42. Ke3 Nc6 43. f4 g6 44. Nd5 a5 45. b3 Nd8 46. Ke4 Nf7 47. f5+ gxf5+ 48. gxf5+ Kd7 49. Nf6+ Ke7 50. Nxh7 Ne5 51. h4 Ng4 52. Kf4 Nh6 53. Kg5 Nf7+ 54. Kg6 Ne5+ 55. Kg7 Nf7 56. f6+ Ke8 57. Ng5 Ne5 58. f7+ Nxf7 59. Nxf7 Ke7 60. h5 1-0

[Event "WYCC 2018 G14"]
[Site "Halkidiki"]
[Date "2018.10.29"]
[Round "10"]
[White "Behzad Nazif, Parva"]
[Black "Mironenko, Galina"]
[Result "1-0"]
[ECO "E46"]
[WhiteElo "1859"]
[BlackElo "2053"]
[Annotator "NA"]
[PlyCount "85"]
[EventDate "2018.10.20"]
[EventType "swiss"]
[EventCountry "GRE"]
[SourceTitle "playchess.com"]
[Source "ChessBase"]
[SourceQuality "1"]
[TimeControl "40/5400+30:1800+30"]

1. d4 Nf6 2. c4 e6 3. Nc3 Bb4 4. e3 O-O 5. Nge2 c6 {[%emt 0:00:00] E46: Nimzo-Indian: Rubinstein: 4 e3 0-0 5 Ne2 without early Bd3} (5... Re8 6. a3 Bf8 7. d5 d6 8. g3 exd5 9. cxd5 c5 10. Bg2 Nbd7 11. O-O c4 12. Nd4 Nc5 13. Qe2 Nd3 14. b3 Nxc1 15. Rfxc1 cxb3 {½-½ (74) Caruana,F (2822)-So,W (2780) Saint Louis 2018}) 6. a3 {[%emt 0:00:07] LiveBook: 286 Games} Ba5 7. b4 Bc7 8. e4 d6 9. Ng3 a5 10. b5 e5 11. Be2 Re8 $146 ({Predecessor:} 11... exd4 12. Qxd4 Nbd7 13. Bb2 {½-½ (42) Oparin,G (2565)-Padmini,R (2427) Gibraltar 2016}) 12. O-O Nbd7 13. Be3 Nf8 14. Rb1 exd4 15. Bxd4 N8d7 16. bxc6 bxc6 17. Qa4 $16 c5 18. Be3 Ne5 19. Rfd1 Bd7 20. Qc2 Nfg4 21. Bc1 Nf6 22. h3 a4 23. Nb5 Bc6 24. Be3 Ned7 25. Nxd6 Bxd6 26. Rxd6 Bxe4 27. Nxe4 Nxe4 28. Rdd1 Qc7 29. Bf3 Ndf6 30. Rb5 Qe5 31. Re1 Qc7 32. Reb1 Qe5 33. Qb2 Qe6 34. Rc1 Rac8 35. Qc2 Qa6 36. Qb1 Qd6 37. Ra5 Rb8 38. Qc2 Qe5 39. Qxa4 Rb2 40. Bxe4 Nxe4 41. Bd4 Ng3 42. Bxe5 Ne2+ 43. Kh2 1-0